Map: [ESL] Dragon Scales

Players

Firefly - Winner!

  • Race: Protoss Protoss
  • Spawn Location: 5:00

Has

  • Race: Protoss Protoss
  • Spawn Location: 11:00

Event: ESL SC2 Masters 2023 Summer (Regionals)

VOD

Have the link to the VOD?

Description

Time

  • Played on: May 20, 2023, 8:28 a.m.
  • Length: 14:40

All games in this series

Show
View Real Time Build Order
Export as new Build Order

Firefly Protoss - Winner!

Build Orders: Oracle Opening 

Get SALT Encoding   

  12  0:00  Probe  
  13  0:12  Probe  
  14  0:21  Pylon  
  14  0:24  Probe  
  15  0:39  Probe (Chrono Boost), Gateway  
  16  0:49  Probe (Chrono Boost), Assimilator  
  17  0:54  Probe (Chrono Boost)  
  18  1:00  Assimilator  
  18  1:05  Probe  
  18  1:10  Gateway  
  19  1:17  Probe  
  20  1:28  Cybernetics Core  
  20  1:29  Probe  
  21  1:36  Pylon  
  21  1:41  Probe  
  22  1:53  Probe  
  23  2:01  Warp Gate (Chrono Boost)  
  23  2:02  Pylon  
  23  2:04  Adept x2  
  27  2:22  Gateway  
  27  2:27  Stargate  
  28  2:43  Probe  
  27  2:56  Nexus  
  27  3:07  Oracle (Chrono Boost)  
  27  3:08  Probe  
  31  3:18  Shield Battery  
  31  3:19  Pylon  
  31  3:34  Oracle (Chrono Boost)  
  31  3:37  Probe  
  35  3:43  Robotics Facility  
  35  3:49  Probe  
  35  3:55  Pylon  
  36  4:01  Probe  
  37  4:10  Oracle (Chrono Boost)  
  37  4:12  Probe  
  37  4:13  Probe  
  42  4:20  Pylon  
  42  4:25  Probe (Chrono Boost)  
  42  4:26  Probe (Chrono Boost)  
  44  4:34  Immortal  
  44  4:37  Probe (Chrono Boost)  
  48  4:41  Probe (Chrono Boost)  
  48  4:43  Probe (Chrono Boost)  
  49  4:48  Probe  
  49  4:51  Probe  
  51  5:00  Probe  
  51  5:03  Probe  
  51  5:04  Twilight Council  
  50  5:13  Probe  
  49  5:16  Probe, Observer (Chrono Boost)  
  49  5:19  Assimilator  
  49  5:21  Assimilator  
  47  5:25  Probe  
  47  5:26  Stalker x2  
  47  5:28  Probe  
  53  5:30  Warp Prism (Chrono Boost)  
  55  5:37  Probe  
  55  5:40  Probe  
  57  5:48  Shield Battery  
  57  5:49  Probe  
  58  5:50  Gateway  
  58  5:51  Gateway  
  58  5:52  Blink (Chrono Boost)  
  58  5:59  Immortal (Chrono Boost)  
  62  6:06  Pylon  
  62  6:14  Pylon  
  62  6:20  Stalker x2  
  64  6:40  Forge  
  64  6:43  Shield Battery  
  64  6:45  Stalker x2  
  64  6:46  Stalker x2  
  72  7:00  Pylon  
  72  7:13  Nexus  
  72  7:16  Stalker x4  
  73  7:52  Immortal (Chrono Boost), Stalker x2  
  73  7:53  Stalker x2, Protoss Ground Weapons Level 1  
  85  8:03  Probe  
  85  8:04  Probe, Charge  
  87  8:06  Dark Shrine  
  87  8:23  Probe x2, Observer  
  90  8:33  Stalker x2  
  90  8:34  Stalker x2  
  98  8:36  Gateway  
  98  8:38  Gateway  
  98  8:42  Shield Battery  
  98  8:43  Shield Battery  
  98  8:56  Immortal (Chrono Boost)  
  98  9:03  Pylon  
  98  9:15  Stalker x4  
  102  9:24  Probe  
  102  9:25  Probe  
  102  9:28  Probe  
  102  9:30  Shield Battery  
  105  9:31  Shield Battery  
  105  9:36  Probe  
  106  9:40  Dark Templar  
  106  9:42  Pylon  
  106  9:43  Pylon  
  108  9:51  Dark Templar  
  108  9:58  Pylon  
  94  10:07  Stalker x4  
  90  10:29  Dark Templar x2  
  90  10:32  Pylon  
  94  10:35  Archon  
  94  10:38  Stalker  
  92  10:48  Stalker x2  
  90  10:58  Stalker  
  90  11:02  Stalker  
  94  11:04  Dark Templar  
  94  11:09  Protoss Ground Weapons Level 2 (Chrono Boost)  
  94  11:11  Stalker  
  98  11:17  Probe (Chrono Boost), Observer  
  99  11:20  Probe (Chrono Boost)  
  99  11:24  Probe (Chrono Boost)  
  101  11:29  Probe (Chrono Boost)  
  104  11:33  Probe x2 (Chrono Boost)  
  104  11:35  Probe (Chrono Boost)  
  104  11:37  Observer  
  104  11:38  Probe (Chrono Boost)  
  107  11:48  Probe x2  
  107  11:50  Probe  
  110  12:00  Probe x2  
  112  12:02  Dark Templar x2  
  112  12:03  Zealot x2  
  106  12:20  Probe x2  
  108  12:23  Pylon  
  108  12:24  Immortal, Gateway  
  108  12:26  Gateway  
  112  12:50  Dark Templar x4  
  112  12:51  Zealot  
  122  12:53  Nexus  
  122  12:59  Archon x2  
  122  13:02  Photon Cannon  
  122  13:03  Photon Cannon  
  120  13:18  Observer (Chrono Boost)  
  118  13:21  Zealot x4  
  118  13:26  Pylon  
  126  13:43  Zealot x2  
  126  13:44  Zealot x5  
  126  13:46  Zealot  
  140  14:06  Dark Templar  
  140  14:07  Zealot x5, Dark Templar  
  154  14:12  Archon, Stalker  
  124  14:29  Zealot x3, Dark Templar x2  
Show
View Real Time Build Order
Export as new Build Order

Has Protoss 

Build Orders: 1 Gate Expand 

Get SALT Encoding   

  12  0:00  Probe  
  13  0:12  Probe  
  14  0:20  Pylon  
  14  0:24  Probe (Chrono Boost)  
  15  0:38  Probe (Chrono Boost)  
  15  0:42  Gateway  
  16  0:46  Probe  
  16  0:48  Assimilator  
  17  0:58  Probe  
  18  1:10  Probe  
  19  1:22  Probe  
  20  1:26  Pylon  
  20  1:28  Cybernetics Core  
  20  1:41  Nexus  
  20  1:44  Probe  
  21  1:57  Probe  
  22  2:02  Assimilator  
  22  2:04  Stalker (Chrono Boost)  
  22  2:07  Warp Gate  
  24  2:09  Probe  
  25  2:21  Probe  
  26  2:30  Stalker (Chrono Boost)  
  26  2:34  Shield Battery  
  28  2:43  Robotics Facility  
  27  2:50  Gateway  
  28  2:53  Shield Battery  
  27  3:02  Probe  
  28  3:09  Probe  
  28  3:10  Shield Battery  
  29  3:14  Probe, Shield Battery  
  30  3:22  Stargate  
  30  3:23  Probe  
  32  3:27  Probe  
  32  3:30  Observer (Chrono Boost)  
  33  3:35  Probe  
  34  3:41  Shield Battery  
  34  3:47  Immortal (Chrono Boost)  
  36  3:53  Probe  
  40  3:57  Stalker  
  40  4:00  Probe  
  42  4:12  Phoenix (Chrono Boost)  
  42  4:13  Probe  
  45  4:21  Pylon  
  45  4:27  Probe  
  46  4:34  Pylon  
  46  4:35  Probe (Chrono Boost)  
  43  4:43  Probe (Chrono Boost)  
  43  4:45  Twilight Council  
  43  4:47  Probe (Chrono Boost)  
  44  4:53  Probe (Chrono Boost)  
  44  4:54  Probe (Chrono Boost)  
  44  4:58  Stalker x2  
  49  5:03  Probe  
  49  5:06  Probe (Chrono Boost)  
  49  5:18  Probe (Chrono Boost)  
  49  5:20  Probe (Chrono Boost)  
  51  5:21  Oracle (Chrono Boost)  
  51  5:26  Probe (Chrono Boost)  
  56  5:29  Probe (Chrono Boost), Pylon  
  56  5:32  Probe  
  56  5:33  Pylon  
  57  5:38  Charge (Chrono Boost)  
  57  5:39  Probe  
  57  5:44  Probe  
  58  5:51  Probe  
  58  5:52  Assimilator  
  58  5:56  Probe  
  60  5:57  Forge  
  60  5:58  Gateway  
  60  6:03  Probe  
  61  6:07  Pylon  
  61  6:08  Probe  
  62  6:14  Immortal  
  62  6:15  Probe  
  62  6:18  Pylon  
  67  6:21  Probe  
  68  6:31  Protoss Ground Weapons Level 1 (Chrono Boost)  
  68  6:35  Zealot  
  68  6:36  Zealot  
  72  6:41  Gateway  
  72  6:43  Gateway  
  72  6:47  Gateway  
  72  6:53  Observer  
  73  6:55  Pylon  
  73  6:58  Probe  
  73  7:00  Pylon  
  74  7:07  Pylon, Zealot  
  74  7:08  Zealot x2  
  80  7:21  Immortal (Chrono Boost)  
  78  7:28  Zealot x3  
  88  7:32  Templar Archives  
  88  7:34  Gateway  
  88  7:38  Zealot x2  
  88  7:42  Pylon  
  88  7:43  Pylon  
  87  8:01  Warp Prism  
  87  8:02  Zealot x4  
  97  8:15  Zealot  
  97  8:16  Zealot  
  101  8:20  Pylon  
  101  8:26  Protoss Ground Weapons Level 2 (Chrono Boost)  
  101  8:31  Probe x2  
  101  8:34  Phoenix  
  104  8:44  High Templar x2, Sentry  
  110  8:50  Nexus  
  110  8:51  Zealot, Archon  
  110  8:52  Pylon  
  106  9:05  Photon Cannon  
  100  9:27  Zealot x6  
  112  9:35  Pylon  
  112  9:48  High Templar x3  
  112  9:51  High Templar  
  120  9:53  Zealot x3, Photon Cannon  
  120  9:54  Archon  
  120  9:56  Archon  
  98  10:15  Zealot x3  
  92  10:23  Stalker x4  
  94  10:32  Immortal  
  92  10:42  Zealot  
  92  10:43  Zealot x2  
  92  10:46  Zealot  
  92  10:47  Zealot  
  88  10:53  Zealot  
  86  11:07  Nexus  
  86  11:14  Sentry  
  88  11:20  Immortal (Chrono Boost)  
  88  11:25  Sentry  
  94  11:36  Shield Battery  
  94  11:37  Shield Battery  
  94  11:44  Zealot x2  
  97  11:50  Observer (Chrono Boost)  
  98  12:02  Zealot  
  98  12:03  Zealot x4  
  98  12:07  Zealot  
  106  12:08  Zealot  
  106  12:13  Zealot  
  108  12:21  Phoenix (Chrono Boost)  
  110  12:36  High Templar  
  110  12:37  High Templar  
  114  12:38  Zealot x2  
  118  12:45  Zealot x2  
  118  12:48  Archon  
  122  12:58  Photon Cannon  
  122  12:59  High Templar  
  122  13:00  High Templar  
  121  13:16  Immortal (Chrono Boost)  
  121  13:17  Zealot x4  
  121  13:18  Archon  
  127  13:20  Phoenix  
  127  13:24  Pylon  
  129  13:38  Shield Battery  
  129  13:40  Photon Cannon  
  124  13:46  High Templar  
  124  13:47  High Templar  
  124  13:48  Zealot x3  
  132  13:50  Archon  
  132  13:53  Zealot  
  132  14:08  Observer  
  133  14:13  Zealot x2  
  133  14:14  Zealot x2  
  102  14:25  Zealot x2  
Tags
 
Add a new tag
Caveats
  • Supply blocks, unpowered buildings, or Contaminate may cause inaccurate times.
  • Supply counts are checked every 10 seconds.